 Dungeon Crawl Stone Soup version 0.31-a0-1570-g93c622d222 (webtiles) character file.

Game seed: 7892591256646866349

221447 hikkokomori the Thaumaturge (level 19, -18/120 HPs)
             Began as a Gargoyle Earth Elementalist on Jan 3, 2024.
             Was an Initiate of Gozag.
             Collided with a mangrove (29 damage)
             ... after being knocked back by Bai Suzhen
             ... on level 4 of the Swamp.
             The game lasted 02:20:34 (37364 turns).

hikkokomori the Thaumaturge (GrEE)                 Turns: 37364, Time: 02:20:35

Health: -18/120    AC: 36    Str: 20    XL:     19   Next: 20%
Magic:  2/45       EV: 12    Int: 30    God:    Gozag
Gold:   4780       SH: 14    Dex: 12    Spells: 11/45 levels left

rFire   + + +        o - staff "Gipuc" {rF++ Str+5 Dex-4 Earth}
rCold   + + +        z - +2 kite shield {rC+}
rNeg    + + +        g - +5 ring mail of Exclusion {Int+5 Dex+3}
rPois   ∞            Y - +2 helmet of Dogma {Will+ Regen+ Dex+4 Stlth-}
rElec   +            j - +2 cloak {Will+}
rCorr   .            B - +0 pair of gloves of Himn {Regen+ MP+9 Str-5}
SInv    .            d - +1 pair of boots
Will    +++..        y - amulet of magic regeneration
Stlth   ++           u - ring "Wuivob" {rC+ Will+ Str+2}
HPRegen 2.00/turn    s - ring of Essiq {rF+ rC+ rN++ Will- Int+6}
MPRegen 0.69/turn

%: no passive effects
@: about to teleport, gold aura, flying, studying Ice Magic
A: sickness immunity, AC +14, big wings, negative energy resistance 1,
electricity resistance, torment resistance 1, petrification resistance, dopey 1,
strong 1
}: 1/15 runes: serpentine
a: Renounce Religion, Potion Petition, Call Merchant, Bribe Branch


You were on level 4 of the Swamp.
You worshipped Gozag.
Gozag was most pleased with you.
You visited 6 branches of the dungeon, and saw 31 of its levels.
You also visited: Ossuary, Gauntlet and Ice Cave.

You collected 13364 gold pieces.
You spent 2243 gold pieces at shops.
You paid 6341 gold pieces to Gozag.

Inventory:

Hand Weapons
 i - the +3 hand axe "Demonbane" {heavy, *Noise rPois MP+9 Str+5}
   (You found it on level 15 of the Dungeon)

   Str+5:     It affects your strength (+5).
   rPois:     It protects you from poison MP+9: It affects your magic capacity
   (+9).
   *Noise:    It may make a loud noise when swung.
Missiles
 a - a throwing net
 M - 4 atropa-tipped darts
Armour
 d - a +1 pair of boots (worn)
 f - the +3 leather armour of Qazlal's Castigation {+Inv rN++ MP+9}
   (You found it on level 1 of the Swamp)

   rN++:      It greatly protects you from negative energy.
   MP+9:      It affects your magic capacity (+9).
   +Inv:      It lets you turn invisible.
 g - the +5 ring mail of Exclusion (worn) {Int+5 Dex+3}
   (You bought it in a shop on level 14 of the Dungeon)

   Int+5:     It affects your intelligence (+5).
   Dex+3:     It affects your dexterity (+3).
 j - a +2 cloak of willpower (worn)
 p - the +1 buckler of the Present {Rampage rPois}
   (You found it on level 13 of the Dungeon)

   rPois:     It protects you from poison Rampage: It bestows one free step when
   moving towards enemies.
 v - +0 fire dragon scales
 w - +0 ice dragon scales
 z - a +2 kite shield of cold resistance (worn)
 B - the +0 pair of gloves of Himn (worn) {Regen+ MP+9 Str-5}
   (You bought it in a shop on level 4 of the Lair of Beasts)

   Str-5:     It affects your strength (-5).
   MP+9:      It affects your magic capacity (+9).
   Regen+:    It increases your rate of health regeneration.
 L - a scarf of resistance
 Y - the +2 helmet of Dogma (worn) {Will+ Regen+ Dex+4 Stlth-}
   (You found it in a Gauntlet)

   Dex+4:     It affects your dexterity (+4).
   Will+:     It increases your willpower.
   Regen+:    It increases your rate of health regeneration.
   Stlth-:    It makes you less stealthy.
Magical Staves
 o - the staff "Gipuc" (weapon) {rF++ Str+5 Dex-4 Earth}
   (You found it on level 15 of the Dungeon)

   [staff of earth]

   Base accuracy: +5 Base damage: 5 Base attack delay: 1.2 This weapon's minimum
   attack delay (0.6) is reached at skill level 12.
   Str+5:     It affects your strength (+5).
   Dex-4:     It affects your dexterity (-4).
   rF++:      It greatly protects you from fire.
   Earth:     It increases the power of your Earth spells.
   It falls into the 'Staves' category.
   It is a one-handed weapon.
Jewellery
 l - a ring of resist corrosion
 s - the ring of Essiq (right hand) {rF+ rC+ rN++ Will- Int+6}
   (You found it in a Gauntlet)

   [ring of intelligence]

   Int+6:     It affects your intelligence (+6).
   rF+:       It protects you from fire.
   rC+:       It protects you from cold.
   rN++:      It greatly protects you from negative energy.
   Will-:     It decreases your willpower.
 u - the ring "Wuivob" (left hand) {rC+ Will+ Str+2}
   (You found it in a Gauntlet)

   [ring of protection from cold]

   Str+2:     It affects your strength (+2).
   rC+:       It protects you from cold.
   Will+:     It increases your willpower.
 y - an amulet of magic regeneration (around neck)
 D - a ring of protection from cold
Wands
 E - a wand of charming (23)
 F - a wand of mindburst (18)
 P - a wand of digging (4)
 S - a wand of flame (32)
 W - a wand of roots (5)
Scrolls
 c - 2 scrolls of brand weapon
 e - 7 scrolls of revelation
 h - a scroll of immolation
 r - 3 scrolls of summoning
 x - 10 scrolls of fog
 C - 14 scrolls of identify
 G - 6 scrolls of amnesia
 H - 6 scrolls of poison
 K - 9 scrolls of teleportation
 O - 3 scrolls of enchant weapon
 Q - 4 scrolls of blinking
 T - 5 scrolls of fear
 U - a scroll of silence {unknown}
Potions
 b - 11 potions of enlightenment
 k - 6 potions of mutation
 m - 7 potions of heal wounds
 n - 8 potions of curing
 q - a potion of berserk rage
 t - 6 potions of brilliance
 A - a potion of invisibility
 J - 14 potions of ambrosia
 N - 2 potions of magic
 R - 7 potions of might
 V - a potion of attraction
 X - 3 potions of resistance
 Z - 4 potions of haste
Miscellaneous
 I - a condenser vane


   Skills:
 + Level 13.4 Fighting
 + Level 7.5 Staves
 - Level 7.0 Armour
 - Level 5.9 Dodging
 - Level 8.4 Stealth
 + Level 13.0 Shields
 + Level 13.5 Spellcasting
 + Level 12.2 Conjurations
 - Level 4.4 Hexes
 - Level 4.5 Translocations
 - Level 11.1 Ice Magic
 - Level 5.2 Air Magic
 + Level 12.9 Earth Magic
 - Level 7.0 Alchemy
 - Level 9.0 Evocations


You had 11 spell levels left.
You knew the following spells:

 Your Spells              Type           Power      Damage    Failure   Level
a - Sandblast             Erth           100%       2d20      1%          1
b - Passwall              Erth           98%        N/A       1%          3
c - Stone Arrow           Conj/Erth      100%       3d13      1%          3
d - Brom's Barrelling Bo  Conj/Erth      97%        2d11      1%          4
e - Olgreb's Toxic Radia  Alch           58%        N/A       3%          4
f - Freezing Cloud        Conj/Ice/Air   33%        6-21      3%          5
g - Passage of Golubria   Tloc           47%        N/A       11%         4
h - Lee's Rapid Deconstr  Erth           49%        3d23*     1%          5
i - Yara's Violent Unrav  Hex/Alch       26%        3d11      17%         5

Your spell library contained the following spells:

 Spells                   Type           Power      Damage    Failure   Level
 Apportation              Tloc           94%        N/A       1%          1
 Kiss of Death            Conj/Necr      100%       2d13      1%          1
 Magic Dart               Conj           100%       1d8       1%          1
 Sting                    Conj/Alch      100%       1d9       1%          1
 Ensorcelled Hibernation  Hex/Ice        100%       N/A       1%          2
 Jinxbite                 Hex            94%        N/A       1%          2
 Mercury Vapours          Alch/Air       100%       N/A       1%          2
 Searing Ray              Conj           100%       2d8       1%          2
 Dazzling Flash           Conj/Hex       100%       N/A       1%          3
 Mephitic Cloud           Conj/Alch/Air  62%        N/A       1%          3
 Ozocubu's Armour         Ice            72%        N/A       1%          3
 Fulminant Prism          Conj/Alch      33%        3d16      1%          4
 Petrify                  Alch/Erth      88%        N/A       1%          4
 Confusing Touch          Hex            47%        N/A       3%          3
 Tukima's Dance           Hex            47%        N/A       3%          3
 Animate Armour           Summ/Erth      100%       N/A       4%          4
 Flame Wave               Conj/Fire      54%        2d13      5%          4
 Necrotise                Necr           80%        1d8       7%          1
 Summon Small Mammal      Summ           80%        N/A       7%          1
 Metabolic Englaciation   Hex/Ice        30%        N/A       8%          5
 Scorch                   Fire           40%        2d6       10%         2
 Borgnjor's Vile Clutch   Necr/Erth      36%        N/A       13%         5
 Vampiric Draining        Necr           20%        2d7       21%         3
 Summon Lightning Spire   Summ/Air       35%        N/A       22%         4
 Silence                  Hex/Air        24%        N/A       26%         5
 Orb of Destruction       Conj           38%        9d11      36%         7
 Dispel Undead            Necr           20%        3d11      54%         4
 Martyr's Knell           Necr/Summ      20%        N/A       54%         4
 Summon Blazeheart Golem  Fire/Summ      20%        N/A       54%         4
 Summon Forest            Summ/Tloc      16%        N/A       58%         5
 Summon Mana Viper        Hex/Summ       33%        N/A       58%         5
 Curse of Agony           Necr           20%        N/A       88%         5
 Lehudib's Crystal Spear  Conj/Erth      48%        10d12     94%         8
 Spellforged Servitor     Conj/Summ      27%        N/A       99%         7
 Death Channel            Necr           10%        N/A       100%        6
 Summon Cactus Giant      Summ           10%        N/A       100%        6
 Enfeeble                 Hex            23%        N/A       100%        7
 Cigotuvi's Dreadful Rot  Necr/Alch/Air  Unusable   N/A       N/A         2
 Sculpt Simulacrum        Ice/Alch       Unusable   N/A       N/A         6

Dungeon Overview and Level Annotations

Branches:
Dungeon (15/15)            Temple (1/1) D:7            Lair (5/5) D:10
  Swamp (4/4) Lair:2        Snake (4/4) Lair:2        Slime (0/5) Lair:4
    Orc (2/2) D:12            Elf (0/3) Orc:2        Vaults (0/5) D:14
 Depths (0/4) D:15        Ossuary (visited)           IceCv (visited)
Gauntlet (visited)

Altars:
Ashenzari
Cheibriados
Dithmenos
Elyvilon
Fedhas
Gozag
Hepliaklqana
Kikubaaqudgha
Makhleb
Nemelex Xobeh
Okawaru
Qazlal
Ru
Sif Muna
Trog
Uskayaw
Vehumet
Wu Jian
Xom
Yredelemnul
Zin
The Shining One
Jiyva

Shops:
D:4 (   D:6 :   D:12 [   D:14 [*?   Orc:2 !![(   Lair:4 [[:   Snake:2 (:

Annotations:
Lair:2 2 transporters, MysticSailboat's ghost, adept GnAr
Swamp:4 Bai Suzhen


Innate Abilities, Weirdness & Mutations

You are immune to sickness and miasma.
Your stone body is resilient. (AC +14)
You are immune to poison.
Your large and strong wings let you fly.
You resist negative energy. (rN+)
You are resistant to electric shocks. (rElec)
You are resistant to unholy torment.
You are immune to petrification.
You are dopey. (Int -2)
Your muscles are strong. (Str +4, Int/Dex -1)


Message History

You hit Bai Suzhen but do no damage.
Bai Suzhen is severely wounded.
Bai Suzhen breathes water at you. The torrent of water hits you!
The wave splashes down.
You hear a roar!
You hear a deafening roar!
You hear a roar! x2
You hear a deafening roar!
Unknown command.
You barely miss Bai Suzhen.
Bai Suzhen is severely wounded.
Bai Suzhen bites you but does no damage.
Bai Suzhen misses you.
Bai Suzhen tramples you but does no damage.
Unknown command.
As you read the scroll of teleportation, it crumbles to dust.
You feel strangely unstable. Bai Suzhen bites you!
Bai Suzhen closely misses you. Bai Suzhen tramples you.
You hold your ground!
Unknown command.
You hit Bai Suzhen but do no damage.
The ground beneath Bai Suzhen fractures.
Bai Suzhen is severely wounded.
You are engulfed in a thunderstorm.
You resist.
* * * LOW HITPOINT WARNING * * *
Bai Suzhen is engulfed in freezing vapours.
You block Bai Suzhen's attack. Bai Suzhen completely misses you.
You block Bai Suzhen's attack.
Casting: Freezing Cloud (dangerous; 3% risk of failure)
Confirm with . or Enter, or press ? or * to list all spells.
Aiming: Stone Arrow (safe; 1% risk of failure)
Press: ? - help, Shift-Dir - straight line, f - Bai Suzhen
Aim: Bai Suzhen (freezing vapour, severely wounded, surrounded by thunder, 95% to hit)
You feel a surge of power!
The stone arrow hits Bai Suzhen!!
Bai Suzhen is almost dead.
Bai Suzhen is engulfed in freezing vapours.
Bai Suzhen breathes water at you. The torrent of water hits you!!
* * * LOW HITPOINT WARNING * * *
You are knocked back by the torrent of water.
You slam into the mangrove!
You die...
Your body crumbles into a pile of gold.

♣♣♣♣$~~.♣♣......♣♣##♣~
♣♣. ♣~[.[~~♣..~~~~.♣.~~
♣♣~.♣♣°.~.......~~......
♣~~§~§~~~~~...~~~.<~~~..
♣♣.~§~§○§§~.~§~~~....~♣.
♣..~☼§§§~~..~~§...~~~♣♣
♣.§~☼~☼§§~..~....~~~~♣♣
♣.~§~§D§..~.♣♣♣♣.~~~~♣
♣♣.~.§@§~♣§.♣ ♣§§~~.♣
♣♣~♣♣♣♣♣♣♣~♣♣♣♣~...~♣
~~~ ♣~..~..~....♣ .~~~♣
♣♣♣..♣.§~~.♣♣♣ ♣..~~
♣..♣♣♣♣.~~♣♣ ♣~.... ♣♣♣♣
♣~.~♣ ♣♣... ♣♣♣♣♣ ♣♣♣♣


You could see Bai Suzhen (clouds, catching breath).

Vanquished Creatures
  Vashnia (Snake:4)
  Nikola (Snake:4)
  Frances (D:14)
  Gastronok (Lair:3)
  Roxanne (Snake:1)
  A frost giant (IceCv)
  2 nagarajas (Snake:4)
  2 orc warlords (Orc:2)
  A ghoul (Swamp:3)
  Nessos (D:13)
  2 eleionomae (Swamp:2)
  7 bunyips
  A crystal guardian (D:15)
  Josephine (Lair:2)
  A fire dragon (Lair:5)
  Erolcha (D:13)
  4 vault guards (D:14)
  7 salamander tyrants
  3 catoblepae
  11 hydras
  12 anacondas
  12 alligators
  4 boulder beetles
  5 centaur warriors
  3 two-headed ogres
  14 naga warriors
  A death scarab (Gauntlet)
  7 death yaks
  The ghost of demibob the Carver, a novice DsBe of Trog (D:9)
  Urug (Orc:1)
  2 orc high priests (Orc:2)
  A deep elf knight (D:15)
  12 naga sharpshooters
  A hell knight (D:15)
  7 shock serpents
  2 sun demons (D:15)
  2 skysharks (Lair:4)
  2 fire crabs (D:15)
  2 goliath frogs
  Lodul (D:14)
  4 salamander mystics
  5 skeletal warriors (D:14)
  2 spriggan druids
  8 mana vipers
  A sun moth (shapeshifter) (D:14)
  5 swamp dragons
  10 naga ritualists
  2 arcanists (D:15)
  8 bog bodies
  A lindwurm (Lair:5)
  An orc knight (Orc:2)
  8 deep elf pyromancers
  3 deep elf zephyrmancers (D:15)
  4 manticores
  2 oklob plants (Lair:3)
  4 cyclopes
  A manticore (shapeshifter) (D:15)
  15 salamanders
  6 will-o-the-wisps
  4 orc sorcerers (Orc:2)
  15 elephants
  6 ugly things
  2 rust devils (D:15)
  3 meliai (D:14)
  A molten gargoyle (D:15)
  42 black mambas
  7 kobold blastminers
  13 naga magi
  5 guardian serpents (Snake:4)
  15 cane toads
  6 gargoyles
  An ice statue (IceCv)
  2 torpor snails
  10 komodo dragons
  10 rime drakes
  An ice devil (Gauntlet)
  A yaktaur (D:15)
  2 tengu conjurers
  2 queen bees
  10 trolls
  2 bloated husks
  11 tyrant leeches
  16 polar bears
  3 raiju
  11 hornets
  Grinder (D:3)
  4 blink frogs
  Prince Ribbit (D:5)
  16 dream sheep
  An air elemental (D:15)
  4 slime creatures
  A water elemental (D:15)
  A ynoxinul (D:9)
  2 shadows
  A culicivora (shapeshifter) (D:15)
  10 spriggans
  A fire elemental (Gauntlet)
  2 vampires
  55 yaks
  6 wyverns
  A warg (Orc:2)
  7 wraiths
  8 basilisks
  12 vampire mosquitoes
  7 steam dragons
  17 swamp worms
  37 nagas
  4 acid dragons
  19 water moccasins
  2 hell hounds (Gauntlet)
  4 meliai simulacra (D:15)
  3 swamp drakes
  A spectral torpor snail (Gauntlet)
  2 ice beasts
  3 laughing skulls
  31 orc warriors
  2 sky beasts
  2 black bears
  28 ogres
  35 wolves
  3 centaurs
  A phantom (D:5)
  8 kobold brigands
  14 bullfrogs
  5 scorpions
  4 gnoll sergeants
  A necrophage (Swamp:3)
  9 wights
  58 killer bees
  An electric eel (D:14)
  9 howler monkeys
  13 hounds
  36 orc priests
  5 jellies
  A gnoll bouda (D:5)
  Jessica (D:3)
  6 scorpion zombies (Ossuary)
  A sleepcap (D:7)
  Natasha (thrice) (D:3)
  5 iguanas
  28 orc wizards
  4 human skeletons (D:7)
  3 mummies (Ossuary)
  11 gnolls
  5 adders
  A shadow imp (D:5)
  2 white imps (Gauntlet)
  2 adder zombies (Ossuary)
  4 dart slugs
  3 ribbon worms
  101 orcs
  7 endoplasms
  3 giant cockroaches
  A gnoll zombie (Ossuary)
  6 goblins
  8 hobgoblins
  3 quokkas
  11 ball pythons
  3 bats
  2 frilled lizards
  3 jackal zombies (Ossuary)
  45 kobolds
  5 kobold zombies (Ossuary)
  An orc skeleton (D:7)
  An orc zombie (D:7)
  10 rats
  A butterfly (Lair:4)
1222 creatures vanquished.

Vanquished Creatures (collateral kills)
  2 boulders
2 creatures vanquished.

Vanquished Creatures (others)
  An anaconda (Snake:4)
  A troll (D:11)
  An iguana (Lair:5)
  3 boulders
  16 foxfires
22 creatures vanquished.

Grand Total: 1246 creatures vanquished

Notes
Turn   | Place    | Note
-------+----------+-------------------------------------------
     0 | D:1      | hikkokomori the Gargoyle Earth Elementalist began the quest
                  | for the Orb.
     0 | D:1      | Reached XP level 1. HP: 10/10 MP: 3/3
   181 | D:1      | Reached XP level 2. HP: 16/16 MP: 3/5
   690 | D:1      | Reached skill level 1 in Fighting
   758 | D:2      | Reached XP level 3. HP: 20/20 MP: 3/6
   776 | D:2      | Learned a level 3 spell: Passwall
  1163 | D:2      | Found a stormy altar of Qazlal.
  1529 | D:2      | Reached XP level 4. HP: 25/25 MP: 5/7
  1938 | D:3      | Noticed Grinder
  1965 | D:3      | Learned a level 3 spell: Stone Arrow
  1972 | D:3      | Paralysed by Grinder for 5 turns
  1980 | D:3      | Paralysed by Grinder for 4 turns
  1984 | D:3      | HP: 1/37 [Grinder (7)]
  1985 | D:3      | Gained mutation: Your muscles are strong. (Str +4, Int/Dex
                  | -1) [potion of mutation]
  1985 | D:3      | Gained mutation: You are dopey. (Int -2) [potion of
                  | mutation]
  2010 | D:3      | Noticed Natasha
  2011 | D:3      | Killed Grinder
  2012 | D:3      | Reached skill level 5 in Earth Magic
  2012 | D:3      | Reached XP level 5. HP: 15/29 MP: 5/9
  2012 | D:3      | Reached XP level 6. HP: 18/34 MP: 5/10
  2101 | D:3      | Killed Natasha
  2138 | D:3      | Noticed Natasha
  2145 | D:3      | Killed Natasha
  2149 | D:3      | Noticed Natasha
  2155 | D:3      | Killed Natasha
  2218 | D:3      | Noticed Jessica
  2220 | D:3      | Killed Jessica
  2796 | D:4      | Noticed a sky beast
  2797 | D:4      | Noticed a water moccasin
  2912 | D:4      | Learned a level 4 spell: Brom's Barrelling Boulder
  3074 | D:4      | Reached XP level 7. HP: 18/38 MP: 1/12
  3177 | D:4      | Found Ysmorur's Antique Weapon Boutique.
  3748 | D:4      | Found a glowing golden altar of the Shining One.
  3774 | D:5      | Entered Level 5 of the Dungeon
  3788 | D:5      | Noticed Prince Ribbit
  3792 | D:5      | Killed Prince Ribbit
  3793 | D:5      | Reached XP level 8. HP: 43/46 MP: 4/14
  4368 | D:5      | Reached skill level 5 in Conjurations
  4467 | D:5      | Reached skill level 5 in Spellcasting
  4908 | D:6      | Noticed a troll
  4911 | D:6      | Killed a troll
  4912 | D:6      | Reached XP level 9. HP: 53/53 MP: 12/17
  4964 | D:6      | Found the +18 Lear's hauberk
  5018 | D:6      | Found Exkylale's Book Shoppe.
  5049 | D:6      | Reached skill level 5 in Fighting
  5264 | D:6      | Found a hazy altar of Hepliaklqana.
  5384 | D:6      | Reached skill level 1 in Shields
  5597 | D:6      | Reached skill level 5 in Stealth
  5893 | D:6      | Reached XP level 10. HP: 59/59 MP: 3/19
  6081 | D:6      | Noticed a cyclops
  6145 | D:6      | Killed a cyclops
  7055 | D:7      | Found a sand-covered staircase.
  7061 | Ossuary  | Entered an ossuary
  7516 | D:7      | Found a staircase to the Ecumenical Temple.
  7582 | Temple   | Entered the Ecumenical Temple
  7619 | Temple   | Became a worshipper of Gozag Ym Sagoz the Greedy
  7987 | D:8      | Reached skill level 5 in Shields
  8500 | D:8      | Found a stormy altar of Qazlal.
  8810 | D:6      | Bought a Young Poisoner's Handbook for 220 gold pieces
  8815 | D:6      | Learned a level 4 spell: Olgreb's Toxic Radiance
  8894 | D:9      | Reached skill level 10 in Earth Magic
  8894 | D:9      | Reached XP level 11. HP: 64/64 MP: 19/22
  9007 | D:9      | Found a sacrificial altar of Ru.
  9038 | D:9      | Reached skill level 1 in Alchemy
  9105 | D:9      | Found a runed translucent door.
  9110 | D:9      | Noticed demibob's ghost (novice DsBe)
  9673 | D:9      | Noticed a moth of wrath
  9676 | D:9      | Found a bloodstained altar of Trog.
  9970 | D:10     | Entered Level 10 of the Dungeon
 10204 | D:10     | Found a basalt altar of Yredelemnul.
 10206 | D:10     | Found a radiant altar of Vehumet.
 10209 | D:10     | Found a shadowy altar of Dithmenos.
 10801 | D:10     | Found a viscous altar of Jiyva.
 11064 | D:10     | Found a staircase to the Lair.
 11629 | D:10     | Noticed a two-headed ogre
 11633 | D:10     | Killed a two-headed ogre
 12025 | D:10     | Noticed a cyclops
 12030 | D:10     | Killed a cyclops
 12269 | Lair:1   | Entered Level 1 of the Lair of Beasts
 12569 | Lair:1   | Found a gate leading to a gauntlet.
 12578 | Gauntlet | Entered a Gauntlet
 12578 | Gauntlet | Found a transporter.
 12578 | Gauntlet | Found a transporter.
 12578 | Gauntlet | Found a transporter.
 12579 | Gauntlet | Found a transporter.
 12580 | Gauntlet | Found a transporter.
 12583 | Gauntlet | Found a transporter.
 12585 | Gauntlet | Noticed a tengu warrior
 12596 | Gauntlet | Noticed a death scarab
 12607 | Gauntlet | Found a transporter.
 12608 | Gauntlet | Found a transporter.
 12609 | Gauntlet | Found a transporter.
 12610 | Gauntlet | Found a transporter.
 12612 | Gauntlet | Noticed a ghost crab
 12618 | Gauntlet | Found a runed translucent door.
 12626 | Gauntlet | Found a transporter.
 12627 | Gauntlet | Found a transporter.
 13009 | Gauntlet | Killed a death scarab
 13010 | Gauntlet | Reached XP level 12. HP: 66/72 MP: 11/24
 13043 | Gauntlet | Identified the +1 robe of Mimar {-Cast Fly rF++ Will+}
 13068 | Gauntlet | Identified the +2 helmet of Dogma {Will+ Regen+ Dex+4
                  | Stlth-}
 13101 | Gauntlet | Noticed a minotaur
 13172 | Gauntlet | Identified the ring of Essiq {rF+ rC+ rN++ Will- Int+6}
 13172 | Gauntlet | Identified the ring "Wuivob" {rC+ Will+ Str+2}
 13944 | Lair:1   | Reached skill level 1 in Evocations
 14690 | Lair:2   | Noticed a boulder beetle
 14696 | Lair:2   | Killed a boulder beetle
 14697 | Lair:2   | Reached skill level 5 in Alchemy
 14901 | Lair:2   | Found a transporter.
 15144 | Lair:2   | Found a transporter.
 15154 | Lair:2   | Noticed MysticSailboat's ghost (adept GnAr)
 15173 | Lair:2   | Reached XP level 13. HP: 80/80 MP: 3/26
 15307 | Lair:2   | Found a bloodstained altar of Trog.
 15380 | Lair:2   | Found a staircase to the Swamp.
 15653 | Lair:2   | Found a staircase to the Snake Pit.
 16486 | D:11     | Reached skill level 10 in Spellcasting
 16871 | D:12     | Found a staircase to the Orcish Mines.
 16871 | D:12     | Found Qamufoogg's Armour Emporium.
 16999 | D:12     | Reached skill level 5 in Evocations
 17067 | D:11     | Reached skill level 1 in Armour
 17138 | D:12     | Bought a +2 cloak of willpower for 301 gold pieces
 17229 | D:12     | Reached skill level 10 in Fighting
 17844 | Lair:3   | Noticed Josephine
 17851 | Lair:2   | Killed Josephine
 18251 | Lair:3   | Noticed Gastronok
 18315 | Lair:3   | Killed Gastronok
 18535 | Lair:3   | Gained mutation: Your large and strong wings let you fly.
                  | [Gargoyle growth]
 18535 | Lair:3   | Reached XP level 14. HP: 88/88 MP: 20/28
 19284 | Lair:4   | Bought a book of Vapours for 338 gold pieces
 19287 | Lair:4   | Bought a pair of jewelled gloves for 332 gold pieces
 19287 | Lair:4   | Identified the +0 pair of gloves of Himn {Regen+ MP+9
                  | Str-5} (You bought it in a shop on level 4 of the Lair of
                  | Beasts)
 19436 | Lair:4   | Bought a pair of embroidered boots for 262 gold pieces
 19574 | Lair:4   | Reached skill level 5 in Armour
 19979 | Lair:4   | Found a staircase to the Slime Pits.
 19980 | Lair:4   | Found a viscous altar of Jiyva.
 20242 | Lair:5   | Entered Level 5 of the Lair of Beasts
 20515 | Lair:5   | Learned a level 5 spell: Freezing Cloud
 20520 | Lair:5   | Learned a level 4 spell: Passage of Golubria
 20983 | Lair:5   | Reached skill level 1 in Ice Magic
 21038 | Lair:5   | Reached skill level 1 in Air Magic
 21042 | Lair:5   | Reached skill level 5 in Dodging
 21271 | Lair:5   | Reached XP level 15. HP: 92/93 MP: 3/30
 21932 | Orc:1    | Entered Level 1 of the Orcish Mines
 21932 | Orc:1    | Noticed Urug
 21940 | Orc:1    | Killed Urug
 22011 | Orc:1    | Found a frozen archway.
 22059 | IceCv    | Entered an ice cave
 22362 | IceCv    | Reached skill level 1 in Translocations
 22557 | IceCv    | Noticed a frost giant
 22573 | IceCv    | Killed a frost giant
 22745 | IceCv    | Got Sif Muna's Handbook of Boreal Interference
 22750 | IceCv    | Identified the staff of Elyvilon's Grace {rN+ Int-2 Dex-5
                  | Hexes Necro Fire}
 23582 | Orc:2    | Entered Level 2 of the Orcish Mines
 23730 | Orc:2    | Reached skill level 5 in Ice Magic
 23985 | Orc:2    | Noticed an orc warlord
 23995 | Orc:2    | Killed an orc warlord
 24037 | Orc:2    | Found a staircase to the Elven Halls.
 24089 | Orc:2    | Found Kiqes's Distillery.
 24475 | Orc:2    | Found Ceuni's Distillery.
 24765 | Orc:2    | Noticed an orc warlord
 24766 | Orc:2    | Found Heituk's Antique Weapon Shop.
 24773 | Orc:2    | Killed an orc warlord
 24821 | Orc:2    | Found Zatonku's Antique Armour Boutique.
 25249 | D:9      | Killed demibob's ghost
 25281 | D:9      | Learned a level 5 spell: Lee's Rapid Deconstruction
 25409 | D:13     | Identified the +1 buckler of the Present {Rampage rPois}
 25472 | D:13     | Noticed Erolcha
 25473 | D:13     | Reached skill level 10 in Shields
 25475 | D:13     | Killed Erolcha
 25541 | D:13     | Reached XP level 16. HP: 84/101 MP: 29/31
 25685 | D:13     | Noticed Nessos
 25692 | D:13     | Killed Nessos
 26113 | D:14     | Noticed Frances
 26122 | D:14     | Killed Frances
 26173 | D:14     | Reached skill level 5 in Air Magic
 26348 | D:14     | Noticed Lodul
 26349 | D:14     | Found a gate to the Vaults.
 26357 | D:14     | Killed Lodul
 27267 | D:14     | Bought a scorched ring mail for 279 gold pieces
 27267 | D:14     | Identified the +5 ring mail of Exclusion {Int+5 Dex+3} (You
                  | bought it in a shop on level 14 of the Dungeon)
 27267 | D:14     | Bought a pair of embroidered boots for 232 gold pieces
 27267 | D:14     | Bought a transparent scale mail for 279 gold pieces
 27267 | D:14     | Identified the +4 scale mail of Dithmenos's Hope {+Blink
                  | rF- Str+9 Int+4} (You bought it in a shop on level 14 of
                  | the Dungeon)
 27334 | D:14     | Learned a level 5 spell: Yara's Violent Unravelling
 27356 | D:15     | Entered Level 15 of the Dungeon
 27358 | D:15     | Paralysed by an air elemental for 1 turns
 27520 | D:15     | Reached skill level 1 in Hexes
 27674 | D:15     | Found a staircase to the Depths.
 27832 | D:15     | Got the Parchment of the Old and Reckless
 28296 | D:15     | Reached skill level 1 in Staves
 28545 | D:15     | Identified the +3 hand axe "Demonbane" {heavy, *Noise rPois
                  | MP+9 Str+5}
 28624 | D:15     | Identified the staff of Fortitude {rN+ Earth}
 28672 | D:15     | Identified the staff "Gipuc" {rF++ Str+5 Dex-4 Earth}
 29020 | Snake:1  | Entered Level 1 of the Snake Pit
 29101 | Snake:1  | Reached XP level 17. HP: 108/108 MP: 28/32
 29375 | Snake:1  | Noticed Roxanne
 29383 | Snake:1  | Killed Roxanne
 30460 | Snake:2  | Reached skill level 10 in Conjurations
 30566 | Snake:2  | Found Kaytopti's Book Shop.
 31043 | Snake:2  | Found Fucoar's Weapon Shop.
 32371 | Snake:4  | Entered Level 4 of the Snake Pit
 32616 | Snake:4  | Reached skill level 5 in Staves
 32668 | Snake:4  | Reached XP level 18. HP: 100/113 MP: 3/34
 32684 | Snake:4  | Noticed Nikola
 32691 | Snake:4  | Killed Nikola
 32963 | Snake:4  | Noticed Vashnia
 33044 | Snake:4  | Reached skill level 10 in Ice Magic
 33145 | Snake:4  | Killed Vashnia
 33424 | Snake:4  | Got a serpentine rune of Zot
 33786 | Snake:4  | Found a radiant altar of Vehumet.
 34520 | Swamp:1  | Entered Level 1 of the Swamp
 35412 | Swamp:1  | Identified the +3 leather armour of Qazlal's Castigation
                  | {+Inv rN++ MP+9}
 36413 | Swamp:3  | Reached XP level 19. HP: 113/119 MP: 8/36
 37126 | Swamp:4  | Entered Level 4 of the Swamp
 37303 | Swamp:4  | Noticed Bai Suzhen
 37364 | Swamp:4  | Collided with a mangrove

Illustrated notes

Levels and vault maps discovered:
D:1:      lemuel_arrival_funnel, layout_basic
D:2:      layout_basic, basic_altar, solitary_fountain, minmay_misc_feat_columns
D:3:      layout_loops_corners, uniq_grinder, uniq_jessica, uniq_natasha
D:4:      layout_cave_pools, lemuel_round_altar, serial_shops, shop_fountains,
          minmay_circle_x
D:5:      minmay_diamond_boxcup, layout_rooms, uniq_prince_ribbit1
D:6:      lemuel_castle_with_subvaults [lemuel_castle_interior_original],
          layout_basic, nicolae_hepliaklqana_hippocampus, serial_shops,
          nicolae_book_shop_shelving, hellmonk_guarded_unrand_lears
D:7:      layout_rooms, minmay_temple_entry_purple_smoke,
          nicolae_ossuary_entry_catacombs
D:8:      layout_gridville, old_standard_altar, chequers_serial_rivers_marsh
D:9:      corexii_shack_village, layout_irregular_city, tgw_trog,
          lemuel_tele_altar, hellmonk_ghost_big_iron
D:10:     layout_layer_cave, grunt_temple_overflow_open,
          due_lair_maze_entry_diamond, grunt_ogre_cave, grunt_ministairs_6,
          jiyva_altar_1
D:11:     layout_big_octagon
D:12:     layout_rooms, orc_david_3
D:13:     layout_loops_ring, uniq_erolcha, uniq_nessos
D:14:     layout_basic, lightli_vaults_fourway_checkpoint,
          hangedman_decor_riveting, uniq_lodul, uniq_frances
D:15:     hangedman_crystal_crosses_colossus [crystal_crosses_arms_four,
          crystal_crosses_arms_four, crystal_crosses_arms_one]
Temple:   dpeg_chambers_temple
Lair:1:   layout_roguey [special_room_bee], gauntlet_entry_generic, pond,
          grunt_megastairs_5
Lair:2:   layout_regular_city, minmay_swamp_entry_worms,
          nicolae_snake_entry_squirm, gammafunk_ghost_wrathful_warriors
Lair:3:   regret_index_harrowing_hell_hive, layout_misc_corridors, st_stairs_10,
          uniq_gastronok, uniq_josephine
Lair:4:   layout_regular_city, slime_entry_1, lemuel_fruit_fields
Lair:5:   guppyfry_lair_end_dragon, layout_cellular_growth,
          hangedman_lair_in_review, guppyfry_lair_drakes
Swamp:1:  layout_basic_swamp, serial_swamp_ruin, evilmike_swamp_ruin_house_1,
          evilmike_swamp_ruin_house_5, evilmike_swamp_ruin_house_2
Swamp:2:  layout_basic_swamp, evilmike_swamp_ruin_rubble_1, swamp_pool_4
Swamp:3:  layout_basic_swamp, evilmike_swamp_ruin_house_3
Swamp:4:  swamp, layout_basic_swamp, uniq_bai_suzhen
Snake:1:  layout_chambers, uniq_roxanne
Snake:2:  layout_misc_corridors, serial_shops, shop, minmay_shop_star
Snake:3:  layout_grid_maze, serial_bayou_shore_b
Snake:4:  grunt_snake_rune_serpentine_throne, layout_cave_town, basic_altar,
          nicolae_snake_shapes, uniq_nikola
Orc:1:    layout_caves, portal_ice_cave_rime, uniq_urug
Orc:2:    grunt_orc_community_town_hall, layout_caves,
          grunt_orc_community_big_house_1, grunt_orc_community_big_house_1,
          grunt_orc_community_house_2, grunt_orc_community_house_3,
          grunt_orc_community_house_1, grunt_orc_community_house_3, mines1_david

Skill      XL: |  1  2  3  4  5  6  7  8  9 10 11 12 13 14 15 16 17 18 19 |
---------------+----------------------------------------------------------+-----
Fighting       | 1 3 4 5 7 9 10 11 12 13 | 13.4
Earth Magic    | 4 5 6 7 8 10 11 12 | 12.9
Stealth        | 3 4 5 7 8 |  8.4
Spellcasting   | 3 4 5 6 7 8 9 10 11 12 13 | 13.5
Conjurations   | 2 3 4 5 7 8 9 10 12 | 12.2
Shields        | 3 5 7 8 10 11 12 13 | 13.0
Alchemy        | 3 5 6 7 |  7.0
Evocations     | 3 5 6 8 9 |  9.0
Dodging        | 3 5 |  5.9
Armour         | 3 6 7 |  7.0
Ice Magic      | 2 6 8 9 11 | 11.1
Air Magic      | 2 4 5 |  5.2
Translocations | 3 4 |  4.5
Hexes          | 2 4 |  4.4
Staves         | 1 5 7 |  7.5

Action                     |  1- 3 |  4- 6 |  7- 9 | 10-12 | 13-15 | 16-18 | 19-21 || total
---------------------------+-------+-------+-------+-------+-------+-------+-------++-------
  Melee: Unarmed           |     9 |       |       |       |       |       |       ||     9
         Dagger            |     1 |    39 |       |       |       |       |       ||    40
         Falchion          |       |     2 |    18 |    27 |       |       |       ||    47
         Staff             |       |       |       |    69 |   132 |   109 |    31 ||   341
  Throw: Dart              |       |       |       |     1 |       |       |       ||     1
         Throwing net      |       |       |       |     1 |       |       |       ||     1
   Cast: Sandblast         |    50 |    62 |   138 |   245 |     8 |       |       ||   503
         Stone Arrow       |       |     1 |    13 |   162 |   669 |   791 |    97 ||  1733
         Passwall          |       |       |     1 |       |       |       |       ||     1
         Brom's Barrelling |       |       |     1 |     1 |     3 |       |       ||     5
         Olgreb's Toxic Ra |       |       |       |    13 |    81 |    19 |     2 ||   115
         Freezing Cloud    |       |       |       |       |     2 |    83 |    13 ||    98
         Lee's Rapid Decon |       |       |       |       |       |    43 |       ||    43
         Passage of Golubr |       |       |       |       |       |       |     1 ||     1
 Invoke: Call Merchant     |       |       |       |       |     3 |     3 |       ||     6
  Evoke: Wand              |       |       |       |     1 |     2 |     5 |     1 ||     9
         Condenser vane    |       |       |       |     1 |     1 |       |       ||     2
    Use: Potion            |       |     4 |       |     6 |       |     2 |     1 ||    13
         Scroll            |       |     4 |     4 |    14 |     6 |     3 |     1 ||    32
   Stab: Sleeping          |       |       |     1 |       |       |       |       ||     1
         Invisible         |       |       |       |       |       |     2 |       ||     2
 Armour: Robe              |    16 |    50 |    54 |       |       |       |       ||   120
         Skin              |       |    12 |       |       |       |       |       ||    12
         Troll leather arm |       |       |    26 |    65 |       |       |       ||    91
         Scale mail        |       |       |       |   219 |   586 |    87 |       ||   892
         Ring mail         |       |       |       |       |       |   381 |   119 ||   500
  Dodge: Dodged            |    25 |    32 |    65 |   152 |   298 |   225 |    55 ||   852
  Block: Buckler           |       |       |       |    72 |   171 |    52 |       ||   295
         Kite shield       |       |       |       |       |       |   259 |    79 ||   338

Table legend: (Time is in decaauts)
 A = Elapsed time spent in this place.
 B = Non-inter-level travel time spent in this place.
 C = Inter-level travel time spent in this place.
 D = Time resting spent in this place.
 E = Time spent auto-exploring this place.
 F = Levels seen in this place.
 G = Mean time per level.
                   A        B        C        D        E       F      G
               +--------+--------+--------+--------+--------+-----+--------+
         Total |  37738 |  35811 |   1927 |   1910 |  26071 |  34 | 1109.9 |
       Dungeon |  17608 |  16411 |   1197 |    766 |  12334 |  15 | 1173.9 |
        Temple |     64 |     20 |     44 |      0 |      0 |   1 |   64.0 |
          Lair |   7637 |   7234 |    403 |    654 |   5060 |   5 | 1527.4 |
         Swamp |   2837 |   2776 |     61 |      0 |   2082 |   4 |  709.2 |
     Snake Pit |   5446 |   5285 |    161 |     90 |   4231 |   4 | 1361.5 |
  Orcish Mines |   2102 |   2043 |     59 |     59 |   1591 |   2 | 1051.0 |
       Ossuary |    384 |    384 |      0 |     79 |    194 |   1 |  384.0 |
      Ice Cave |   1073 |   1073 |      0 |    144 |    579 |   1 | 1073.0 |
      Gauntlet |    581 |    581 |      0 |    117 |      0 |   1 |  581.0 |
               +--------+--------+--------+--------+--------+-----+--------+

Top non-repeatable levels by time:
    D:10: 2451 daAuts
 Snake:4: 2068 daAuts
     D:6: 1922 daAuts
  Lair:1: 1916 daAuts
  Lair:2: 1877 daAuts
  Lair:5: 1571 daAuts
   Orc:2: 1512 daAuts
    D:15: 1406 daAuts
    D:14: 1390 daAuts
 Snake:1: 1310 daAuts
     D:9: 1247 daAuts
  Lair:3: 1232 daAuts
     D:5: 1207 daAuts
     D:3: 1083 daAuts
 Snake:3: 1077 daAuts
